 Dungeon Crawl Stone Soup version 0.16-a0-4083-g5af668b (webtiles) character file.

969 timbw the Cleaver (level 7, -2/51 HPs)
             Began as a Vampire Fighter on Feb 23, 2015.
             Was a Follower of Makhleb.
             Shot with an arrow by a centaur (9 damage)
             ... on level 6 of the Dungeon.
             The game lasted 00:09:09 (1851 turns).

timbw the Cleaver (Vampire Fighter)                 Turns: 1851, Time: 00:09:09

Health: -2/51      AC: -6    Str: 17    XL:     7   Next: 94%
Magic:  7/7        EV:  6    Int: 10    God:    Makhleb [*.....]
Gold:   20         SH:  0    Dex: 13    Spells: 0 memorised, 6 levels left

rFire  . . .     SeeInvis +     u - +5 battleaxe (chop)
rCold  . . .     Clarity  .     e - +0 chain mail
rNeg   . . .     SustAb   .     (no shield)
rPois  .         Gourm    .     (no helmet)
rElec  .         Spirit   .     (no cloak)
rCorr  .         Warding  .     (no gloves)
rMut   .         Stasis   .     (no boots)
MR     .....                    l - amulet of regeneration
Stlth  ..........               (no ring)
                                (no ring)

@: corroded equipment, regenerating quickly, not resistant to hostile
enchantments, extremely unstealthy
A: bottle blood, fangs 3, see invisible, unbreathing
a: Renounce Religion


You were on level 6 of the Dungeon.
You worshipped Makhleb.
Makhleb was aware of your devotion.
You were very full.

You visited 2 branches of the dungeon, and saw 7 of its levels.

You collected 182 gold pieces.
You spent 162 gold pieces at shops.

Inventory:

Hand weapons
 a - a +0 war axe
 m - a +0 battleaxe
 u - a +5 battleaxe of chopping (weapon)
Missiles
 k - 3 javelins (quivered)
 q - 17 poisoned needles
Armour
 b - a +0 scale mail
 e - a +0 chain mail (worn)
Jewellery
 l - an amulet of regeneration (around neck)
Scrolls
 f - a scroll of fear {unknown}
 g - 2 scrolls of enchant armour {unknown}
 h - 5 scrolls of identify {unknown}
 i - a scroll of recharging {unknown}
 j - a scroll of immolation {unknown}
 o - a scroll of amnesia {unknown}
 p - a scroll of noise {unknown}
 s - a scroll of random uselessness {unknown}
Potions
 d - a potion of blood
 n - a potion of poison
 r - 2 potions of heal wounds {unknown}
 t - a potion of brilliance {unknown}


   Skills:
 - Level 2.6 Fighting
 + Level 8.6 Axes
 - Level 2.4 Armour
   Level 2.6 Shields


You had 6 spell levels left.
You didn't know any spells.

Dungeon Overview and Level Annotations

Branches:
Dungeon (6/15)             Temple (1/1) D:5

Altars:
Ashenzari
Cheibriados
Dithmenos
Elyvilon
Fedhas
Gozag
Kikubaaqudgha
Makhleb
Nemelex Xobeh
Qazlal
Ru
Sif Muna
Trog
Vehumet
Xom
Yredelemnul
Zin
The Shining One

Shops:
D:4 (


Innate Abilities, Weirdness & Mutations

Your natural rate of healing is unusually fast.
You can bottle blood from corpses.
You have razor-sharp teeth.
You have supernaturally acute eyesight.
You can survive without breathing.


Message History

You slash the jelly!
You kill the jelly!
Makhleb accepts your kill.
You slash the jelly! You bite the jelly.
The jelly is heavily wounded.
The jelly hits you.
You are splashed with acid!
The acid burns!
* * * LOW HITPOINT WARNING * * *
The jelly hits you.
* * * LOW HITPOINT WARNING * * *
You are splashed with acid!
The acid burns!
* * * LOW HITPOINT WARNING * * *
An orc comes into view. It is wielding a mace.
A centaur comes into view.
The centaur shouts!
The centaur wields a shortbow.
The centaur shoots an arrow.
The arrow hits you.
* * * LOW HITPOINT WARNING * * *
A jelly comes into view.
You see here an arrow.
The centaur shoots an arrow.
The arrow hits you!
You die...

.........(.##.##.#
.##.....(#.##.#..#
##......J....#.##
............##.#
...........o.##o#
.............##J#
...#..###..J.##.#
#......##......(##
.# ##..........@#
#####.......##
##.......#
####.#....##
##..c..#...#
#..........#
###.........<# #
.............#.##
###.............##


You could see a centaur, 2 jellies and an orc.

Vanquished Creatures
  An ice beast (D:6)
  An orc warrior (D:5)
  A centaur (D:6)
  2 giant frogs
  A scorpion (D:4)
  A water moccasin skeleton (D:6)
  3 crimson imps
  3 jellies
  2 hounds
  2 orc wizards
  An iguana (D:6)
  An adder (D:4)
  A gnoll (D:3)
  A worker ant zombie (D:5)
  A giant mite (D:3)
  2 worms
  An adder zombie (D:6)
  An ooze (D:1)
  5 orcs
  2 ball pythons (D:1)
  4 bats
  A bat skeleton (D:5)
  8 goblins
  2 hobgoblins
  2 jackals (D:5)
  8 kobolds
  2 quokkas
  2 giant cockroaches
  4 giant geckos
  2 giant newts
  A jackal zombie (D:5)
  A quokka zombie (D:5)
  4 rats
74 creatures vanquished.

Notes
Turn   | Place    | Note
--------------------------------------------------------------
     0 | D:1      | timbw, the Vampire Fighter, began the quest for the Orb.
     0 | D:1      | Reached XP level 1. HP: 17/17 MP: 1/1
    90 | D:1      | Reached XP level 2. HP: 16/23 MP: 2/2
   334 | D:3      | Reached skill level 3 in Axes
   520 | D:3      | Reached XP level 3. HP: 17/28 MP: 3/3
   667 | D:4      | Found Fyocvy's Antique Weapon Emporium.
   808 | D:4      | Reached skill level 4 in Axes
   808 | D:4      | Reached XP level 4. HP: 34/34 MP: 4/4
   964 | D:4      | Found a stormy altar of Qazlal.
  1006 | D:4      | Noticed a scorpion
  1021 | D:4      | Killed a scorpion
  1021 | D:4      | Reached XP level 5. HP: 12/39 MP: 5/5
  1078 | D:5      | Entered Level 5 of the Dungeon
  1130 | D:6      | Reached skill level 5 in Axes
  1200 | D:5      | Reached XP level 6. HP: 46/46 MP: 6/6
  1222 | D:5      | Reached skill level 6 in Axes
  1242 | D:5      | Found a staircase to the Ecumenical Temple.
  1254 | Temple   | Entered the Ecumenical Temple
  1291 | Temple   | Became a worshipper of Makhleb the Destroyer
  1364 | D:5      | Noticed an orc warrior
  1374 | D:5      | Killed an orc warrior
  1448 | D:5      | Reached skill level 7 in Axes
  1448 | D:5      | Reached XP level 7. HP: 49/51 MP: 7/7
  1547 | D:5      | Acquired Makhleb's first power
  1661 | D:4      | Bought a runed battleaxe for 162 gold pieces
  1722 | D:6      | Noticed an ice beast
  1736 | D:6      | Killed an ice beast
  1773 | D:6      | Noticed a centaur
  1790 | D:6      | Killed a centaur
  1790 | D:6      | Reached skill level 8 in Axes
  1850 | D:6      | Noticed a centaur
  1851 | D:6      | Shot with an arrow by a centaur

Action                   |  1- 3 |  4- 6 |  7- 9 || total
-------------------------+-------+-------+-------++-------
Melee: War axe           |    86 |   106 |    22 ||   214
       Battleaxe         |       |       |    35 ||    35
  Use: Potion            |       |     4 |       ||     4
  Eat: Corpse            |    10 |     6 |     3 ||    19
